Cogmind - Beta 16 @@@ ROGUE MODE // 2026.02.07 @ 23:05:30 Player: FretfulMantis Result: Destroyed self with Rocket Launcher Performance ------------- Evolutions (2) 1000 Regions Visited (5) 1000 Robots Destroyed (47) 235 Value Destroyed (1603) 1603 Prototype IDs (2) 40 Alien Tech Used (0) 0 Bonus (734) 734 TOTAL SCORE: 4612 Bonus ------- High Alert Combat Kills 303 Follower Combat Kills 431 Cogmind --------- Core Integrity 0/550 Matter 234/300 Energy 100/100 System Corruption 1% Temperature Cool (0) Movement Core (800) Ox15 Location -8/Storage Parts ------- > --- POWER (1) -------- (None) > --- PROPULSION (4) --- Improved VTOL Module > --- UTILITY (4) ------ Scrap Suit High-capacity Storage Unit > --- WEAPON (2) ------- Rocket Launcher > --- INVENTORY (20) --- Deuterium Engine Light Angular Momentum Engine Aluminum Leg Compact Wheel Improved Heat Sink Medium Storage Unit Large Storage Unit Large Battery (200) Medium Matter Pod (74) Weight Redist. System Machine Analyzer Advanced Targeting Computer Heavy Assault Rifle Minigun Improved Light Cannon Datajack Peak State ------------ > --- POWER ------------ Deuterium Engine > --- PROPULSION ------- Airjet Airjet Airjet Airjet > --- UTILITY ---------- Improved Heat Sink High-capacity Storage Unit Medium Matter Pod Hardened Medium Armor Plating > --- WEAPON ----------- Advanced Beam Cannon Heavy Assault Rifle > --- INVENTORY -------- Deuterium Engine Aluminum Leg Compact Wheel Compact Wheel Scrap Suit Improved Heat Sink Medium Storage Unit Large Storage Unit Large Battery Weight Redist. System Machine Analyzer Advanced Targeting Computer Heavy Assault Rifle Minigun Improved Light Cannon Rocket Launcher Datajack Scythe [Rating: 32] Favorites ----------- Power Light Ion Engine Engine Light Ion Engine Power Core Light Nuclear Core Propulsion Airjet Leg Aluminum Leg Wheel Compact Wheel Hover Unit Airjet Flight Unit Improved VTOL Module Utility High-capacity Storage Unit Device Improved Heat Sink Storage High-capacity Storage Unit Protection Propulsion Shielding Weapon Light Assault Rifle Energy Gun Beam Rifle Energy Cannon Advanced Beam Cannon Ballistic Gun Light Assault Rifle Launcher Rocket Launcher Slashing Weapon Scythe Build | -11 -10 -9 -9 -8 -8 ------- Run | Yrd Mat Mat Min Mat Sto Slots Evolved 4 | . . 2 . 2 . Power . | . . . . . . Propulsion 2 | . . 1 . 1 . Utility 2 | . . 1 . 1 . Weapon . | . . . . . . Parts Attached 36 | 6 3 9 . 5 13 Power 5 | 1 1 . . 1 2 Engine 4 | 1 1 . . . 2 Core 1 | . . . . 1 . Reactor . | . . . . . . Propulsion 14 | 2 . 4 . 1 7 Treads . | . . . . . . Leg 5 | 2 . 1 . 1 1 Wheel 4 | . . 3 . . 1 Hover 4 | . . . . . 4 Flight 1 | . . . . . 1 Utility 10 | 1 2 3 . 2 2 Device 3 | . 1 . . 1 1 Storage 4 | 1 1 2 . . . Processor . | . . . . . . Hackware . | . . . . . . Protection 3 | . . 1 . 1 1 Artifact . | . . . . . . Weapon 7 | 2 . 2 . 1 2 Energy Gun 1 | . . 1 . . . Energy Cannon 1 | . . 1 . . . Ballistic Gun 3 | 2 . . . 1 . Ballistic Cannon . | . . . . . . Launcher 1 | . . . . . 1 Special Weapon . | . . . . . . Impact Weapon . | . . . . . . Slashing Weapon 1 | . . . . . 1 Piercing Weapon . | . . . . . . Special Melee Weapon . | . . . . . . Unidentified Prototypes 2 | . . 1 . . 1 Parts Lost 15 | . 1 . . 1 13 Power 3 | . 1 . . . 2 Propulsion 8 | . . . . 1 7 Utility 2 | . . . . . 2 Weapon 2 | . . . . . 2 Highest Loss Streak 12 | . 1 . . 1 12 To Critical Strikes . | . . . . . . Average Backups 16 | 2 9 19 19 18 18 Power 1 | . . 1 2 2 2 Propulsion 3 | 1 4 5 5 4 2 Utility 4 | . 1 4 5 5 7 Weapon 4 | . 2 6 6 5 5 Tool/Special . | . . . . . . Unused Backups 21 | . . 3 2 . 16 Power 3 | . . . . . 3 Propulsion 2 | . . . . . 2 Utility 7 | . . 1 . . 6 Weapon 8 | . . 2 2 . 4 Tool/Special 1 | . . . . . 1 Average Slot Usage (%) 97 | . 97 98 100 93 96 Engine 9 | . 14 11 11 2 8 Leg 10 | . 28 3 11 18 1 Wheel 10 | . . 28 22 17 1 Hover 12 | . . . . . 31 Device 6 | . 12 . . . 9 Storage 17 | . 14 20 22 18 17 Protection 7 | . . 10 11 12 8 Energy Gun 1 | . . 1 11 8 . Energy Cannon 5 | . . 6 11 9 7 Ballistic Gun 13 | . 28 13 . . 8 Peak Build Rating 32 | 6 8 16 16 23 32 Average Rating 18 | 4 7 13 15 19 29 On Entrance 11 | . 6 8 15 16 22 Avg Prop Armor Cover (%) 10 | . . 9 9 12 12 Naked Turns . | . . . . . . Heaviest Build 67 | 10 26 53 53 60 67 Greatest Support 42 | 20 20 42 26 26 32 Greatest Overweight (x) 6 | . 1 2 2 3 6 Average Overweight (x) 1 | . . 1 2 2 1 Largest Inventory Capacity 20 | 8 15 20 20 20 20 Average Capacity 17 | 6 12 19 20 20 20 Most Carried 20 | 5 15 20 20 20 20 Average Carried 16 | 2 9 19 19 19 19 Final Capacity 20 | 8 15 20 20 20 20 Final Carried 20 | 5 15 20 20 20 16 Scrap Suit Usage (%) 1 | . . . . . 2 Class Distribution -------------------- 74% | Mutant 15% | Commander-Mutant 10% | Scavenger-Mutant Dominant Class ---------------- Mutant | -10/Materials Mutant | -9/Materials Mutant | -9/Mines Scavenger-Mutant | -8/Materials Mutant | -8/Storage Resources | -11 -10 -9 -9 -8 -8 ----------- Run | Yrd Mat Mat Min Mat Sto Matter Collected 930 | 175 197 218 . 48 292 Remotely . | . . . . . . Salvage Created 1759 | 17 217 147 . 287 1091 Parts 100 | 2 21 13 . 12 52 Haulers Intercepted 3 | . . 1 . . 2 Recyclers Shooed 1 | . 1 . . . . Parts Field Recycled . | . . . . . . Retrieved Matter . | . . . . . . Parts Self-Destructed . | . . . . . . Prevented . | . . . . . . Parts Restored . | . . . . . . Kills | -11 -10 -9 -9 -8 -8 ------- Run | Yrd Mat Mat Min Mat Sto Combat Hostiles Destroyed 40 | . 9 2 . 5 24 Melee 2 | . . . . . 2 Guns 17 | . 9 1 . . 7 Cannons 12 | . . 1 . 5 6 AOE 8 | . . . . . 8 Classes Destroyed 10 | 1 2 2 . 1 4 Builder 1 | . . . . . 1 Tunneler 1 | 1 . . . . . Hauler 3 | . . 1 . . 2 Recycler 1 | . . . . . 1 Operator 1 | . . . . 1 . Swarmer 7 | . 6 . . . 1 Grunt 22 | . 3 1 . 3 15 Duelist 2 | . . . . . 2 Protector 2 | . . . . . 2 Sentry 7 | . . 1 . 2 4 Best Kill Streak 8 | 1 3 1 . 3 8 Combat Bots Only 8 | . 3 1 . 2 8 Max Kills in Single Turn 3 | 1 1 1 . 1 3 Gunslinging . | . . . . . . Exploded 3 | . . . . . 3 Melee 1 | . . . . . 1 Uniques/NPCs Destroyed . | . . . . . . Combat | -11 -10 -9 -9 -8 -8 -------- Run | Yrd Mat Mat Min Mat Sto Hostile Shots Fired 242 | . 66 5 . 37 134 Missed 63 | . 13 1 . 7 42 Hits 179 | . 53 4 . 30 92 Melee 8 | . . . . . 8 Projectile 171 | . 53 4 . 30 84 Critical Strikes 7 | . 2 . . 2 3 Damage Taken 2941 | . 532 49 . 461 1899 Core 705 | . 152 . . 130 423 Absorbed by Shields . | . . . . . . Redirected to Shielding 19 | . . 1 . 18 . Core Remaining (%) 79 | 100 39 . 100 . . Volleys Fired 129 | 2 46 14 . 19 48 Largest 2 | 2 2 2 . 2 2 Hottest 124 | 40 40 88 . 124 91 Shots Fired 252 | 4 92 28 . 38 90 Gun 175 | 4 92 17 . 19 43 Cannon 65 | . . 11 . 19 35 Launcher 12 | . . . . . 12 Special . | . . . . . . Kinetic 158 | 4 92 17 . 2 43 Thermal 82 | . . 11 . 36 35 Explosive 12 | . . . . . 12 Electromagnetic . | . . . . . . Robot Hit Streak 12 | 3 7 5 . 8 12 Robot Miss Streak 9 | . 9 1 . 3 4 Penetration Max . | . . . . . . Secondary Targets 1 | . 1 . . . . Max Gunslinging Chain 1 | . 1 . . . . Shots Hit Robots 163 | 3 50 19 . 28 63 Core Hits 94 | 2 21 8 . 11 52 Critical Kills 3 | . 1 . . . 2 Critical Parts Destroyed . | . . . . . . Critical Strikes 4 | . 1 . . 1 2 Burn 1 | . . . . 1 . Meltdown 1 | . . . . . 1 Destroy 2 | . 1 . . . 1 Melee Attacks 6 | . . . . . 6 Impact . | . . . . . . Slashing 6 | . . . . . 6 Piercing . | . . . . . . Sneak Attacks . | . . . . . . Combat Hostiles . | . . . . . . Follow-up Attacks . | . . . . . . Damage Inflicted 3488 | 25 410 204 . 484 2365 Guns 1207 | 25 409 114 . 237 422 Cannons 927 | . . 82 . 247 598 Explosions 1205 | . . . . . 1205 Melee 102 | . . . . . 102 Ramming 47 | . 1 8 . . 38 Kinetic 1001 | 25 409 114 . 31 422 Thermal 1133 | . . 82 . 453 598 Explosive 1205 | . . . . . 1205 Electromagnetic . | . . . . . . Impact . | . . . . . . Slashing 102 | . . . . . 102 Piercing . | . . . . . . Highest Corruption 1 | . 1 . . . 1 Average Corruption 1 | . 1 . . . 1 Corruption Purged . | . . . . . . Corruption Blocked . | . . . . . . Effects 12 | . 3 . . . 9 Message Errors 2 | . . . . . 2 Matter Fused 1 | . 1 . . . . Energy Discharges 2 | . 1 . . . 1 Data Loss (minor) 3 | . . . . . 3 Data Loss (major) 2 | . 1 . . . 1 Misfires 1 | . . . . . 1 Weapon Failures 1 | . . . . . 1 Overload Shots . | . . . . . . Overflow Damage 75 | . . . . . 75 Projectiles . | . . . . . . Explosions 75 | . . . . . 75 Melee . | . . . . . . Knockbacks . | . . . . . . Impact . | . . . . . . Kinetic . | . . . . . . Secondary . | . . . . . . Self-Inflicted Damage 301 | . . 4 . . 297 Shots 6 | . . . . . 6 Rammed 3 | . . 1 . . 2 Targets Rammed 4 | . 1 1 . . 2 Kicked 1 | . 1 . . . . Crushed . | . . . . . . Highest Temperature 423 | . 17 80 . 423 348 Average Temperature 114 | . 10 34 . 155 111 Received Heat Transfer 1026 | . 144 27 . 261 594 Effects 1 | . . . . . 1 Damage (minor) 1 | . . . . . 1 Siege Activations . | . . . . . . Martial Activations . | . . . . . . Shielding Activations . | . . . . . . Robots Disrupted . | . . . . . . Combat Hostiles . | . . . . . . Robots Corrupted . | . . . . . . Combat Hostiles . | . . . . . . Parts Fried . | . . . . . . Impact Corruptions . | . . . . . . Robots Melted 1 | . . . . . 1 Combat Hostiles 1 | . . . . . 1 Parts Melted 6 | . . . . 3 3 Heat Transferred 2220 | . . 148 . 1036 1036 Parts Sabotaged . | . . . . . . Parts Stolen . | . . . . . . Parts Stripped . | . . . . . . Power Chain Reactions . | . . . . . . Alert | -11 -10 -9 -9 -8 -8 ------- Run | Yrd Mat Mat Min Mat Sto Maximum Alert Level 3 | . . . . . 3 Low Security (%) 72 | 100 100 100 100 100 25 Level 1 1 | . . . . . 3 Level 2 23 | . . . . . 62 Level 3 3 | . . . . . 8 Level 4 . | . . . . . . Level 5 . | . . . . . . High Security . | . . . . . . Max Security . | . . . . . . Peak Influence 770 | 5 110 30 . 92 770 Initial 29 | . 3 18 . . 29 Average 168 | . 23 4 . 36 427 Influence Increases 1989 | 5 285 75 . 172 1452 Destroy 0b10 Robot/C 1060 | . 180 40 . 100 740 Destroy 0b10 Robot/NC 50 | 5 . 5 . 5 35 Destroy Leader 256 | . 40 12 . 30 174 Allied During Kill 277 | . . . . . 277 Successful Hack 40 | . 5 18 . 5 12 Select Force Hacks 30 | . 30 . . . . Disable Machine 45 | . . . . 15 30 Destroy Structure 51 | . . . . 2 49 Lose Combat Pursuer 180 | . 30 . . 15 135 Influence Decreases 1219 | . 244 121 . 100 754 Entered New Map 73 | . 2 28 . . 43 Time Decay 651 | . 127 93 . 90 341 Lost Part 150 | . 10 . . 10 130 Lost Ally 240 | . . . . . 240 Purge Threat 105 | . 105 . . . . Squads Dispatched 10 | . 2 1 . 1 6 Investigation 2 | . 1 1 . . . Extermination . | . . . . . . Reinforcement 5 | . 1 . . 1 3 Assault 3 | . . . . . 3 Garrison . | . . . . . . Intercept . | . . . . . . Searches Triggered . | . . . . . . Construction Impeded 1 | . . . . . 1 Haulers Reinforced . | . . . . . . Active Scanning Responses . | . . . . . . Cargo Convoy Interrupts . | . . . . . . Stealth | -11 -10 -9 -9 -8 -8 --------- Run | Yrd Mat Mat Min Mat Sto Distress Signals 7 | . 2 2 . . 3 Communications Jammed . | . . . . . . Distress Signals . | . . . . . . Times Spotted 80 | . 16 9 . 9 46 Peak Tracking Total 13 | . 4 4 . 4 13 Tactical Retreats 8 | . 1 . . 1 6 Traps | -11 -10 -9 -9 -8 -8 ------- Run | Yrd Mat Mat Min Mat Sto Traps Triggered 3 | . 2 . . . 1 Indirectly . | . . . . . . Trap Hack Attempts . | . . . . . . Triggered . | . . . . . . Disarmed . | . . . . . . Reprogrammed . | . . . . . . Reused . | . . . . . . Traps Extracted . | . . . . . . Installed . | . . . . . . Triggered . | . . . . . . Machines | -11 -10 -9 -9 -8 -8 ---------- Run | Yrd Mat Mat Min Mat Sto Machines Disabled 3 | . . . . 1 2 Max in Single Turn 1 | . . . . 1 1 Machines Repaired . | . . . . . . Machines Dismantled . | . . . . . . Machines Sabotaged . | . . . . . . Overloaded Fab Kills . | . . . . . . Hacking | -11 -10 -9 -9 -8 -8 --------- Run | Yrd Mat Mat Min Mat Sto Machines Accessed 14 | . 3 3 . 2 6 Terminals 12 | . 2 2 . 2 6 Fabricators . | . . . . . . Repair Stations 1 | . . 1 . . . Recycling Units 1 | . 1 . . . . Scanalyzers . | . . . . . . Garrison Access . | . . . . . . Total Hacks 41 | . 5 9 . 6 21 Successful 16 | . 4 3 . 2 7 Failed 25 | . 1 6 . 4 14 Catastrophic 5 | . . 2 . . 3 Database Lockouts . | . . . . . . Manual 31 | . 3 4 . 6 18 Terminals 36 | . 4 5 . 6 21 Fabricators . | . . . . . . Repair Stations 4 | . . 4 . . . Recycling Units 1 | . 1 . . . . Scanalyzers . | . . . . . . Garrison Access . | . . . . . . Terminal Hacks 5 | . 2 . . . 3 Robot Analysis 1 | . . . . . 1 Open Door 1 | . . . . . 1 Emergency Access Points 1 | . . . . . 1 Unreport Threat 2 | . 2 . . . . Fabricator Hacks . | . . . . . . Repair Station Hacks 1 | . . 1 . . . Scan Component 1 | . . 1 . . . Recycling Unit Hacks . | . . . . . . Scanalyzer . | . . . . . . Garrison Access Hacks . | . . . . . . Unauthorized Hacks 10 | . 2 2 . 2 4 Terminals 9 | . 1 2 . 2 4 Botnet 9 | . 1 2 . 2 4 Fabricators . | . . . . . . Repair Stations . | . . . . . . Recycling Units 1 | . 1 . . . . Tunnel 1 | . 1 . . . . Scanalyzers . | . . . . . . Garrison Access . | . . . . . . Data Cores Recovered . | . . . . . . Used . | . . . . . . Hacking Detections 13 | . 2 3 . 2 6 Full Trace Events 2 | . . 1 . . 1 Feedback Events . | . . . . . . Feedback Blocked . | . . . . . . Robot Schematics Acquired . | . . . . . . Robots Built . | . . . . . . Authchips . | . . . . . . Time . | . . . . . . Total Robot Build Rating . | . . . . . . Part Schematics Acquired . | . . . . . . Parts Built . | . . . . . . Authchips . | . . . . . . Time . | . . . . . . Total Part Build Rating . | . . . . . . Part Studies Acquired . | . . . . . . Parts Repaired . | . . . . . . Time . | . . . . . . Parts Recycled . | . . . . . . Recycled Matter . | . . . . . . Retrieved Matter . | . . . . . . Retrieved Components . | . . . . . . Parts Scanalyzed . | . . . . . . Part Schematics Acquired . | . . . . . . Parts Damaged . | . . . . . . Bothacking | -11 -10 -9 -9 -8 -8 ------------ Run | Yrd Mat Mat Min Mat Sto Used RIF Installer . | . . . . . . Robots Hacked . | . . . . . . Non-combat . | . . . . . . Combat . | . . . . . . Robot Hacks Applied . | . . . . . . Relay Couplers Released . | . . . . . . Fabnet Peak Effective % . | . . . . . . Robots Rewired . | . . . . . . Allies Hacked . | . . . . . . Hacks Repelled . | . . . . . . Allies | -11 -10 -9 -9 -8 -8 -------- Run | Yrd Mat Mat Min Mat Sto Total Allies 12 | . . . . . 12 Largest Group 10 | . . . . . 10 Highest-Rated Group 173 | . . . . . 173 Highest-Rated Ally 31 | . . . . . 31 Total Orders . | . . . . . . Ally Attacks 116 | . . . . . 116 Total Damage 1447 | . . . . . 1447 Kills 16 | . . . . . 16 Allies Corrupted . | . . . . . . Allies Melted . | . . . . . . Intel | -11 -10 -9 -9 -8 -8 ------- Run | Yrd Mat Mat Min Mat Sto Active Infowar (turns) . | . . . . . . Robot Analysis Total 1 | . . . . . 1 Derelict Logs Recovered 2 | . . . 2 . . Drone Launches . | . . . . . . Drone Recoveries . | . . . . . . Exploration | -11 -10 -9 -9 -8 -8 ------------- Run | Yrd Mat Mat Min Mat Sto Turns Passed 2251 | 73 512 523 104 203 836 Spaces Moved 1315 | 49 237 372 86 96 475 Core 6 | 6 . . . . . Treads . | . . . . . . Legs 280 | 43 237 . . . . Wheels 606 | . . 372 86 96 52 Hover 423 | . . . . . 423 Flight . | . . . . . . Fastest Speed 50 | 50 120 105 120 120 108 Average Speed 124 | 111 155 109 120 121 123 Slowest Speed 190 | 120 190 120 120 145 170 Overloaded Moves . | . . . . . . Propulsion Burnouts . | . . . . . . Robots Hopped . | . . . . . . Potential Cave-ins . | . . . . . . Cave-ins Triggered . | . . . . . . Exploration Rate (%) 32 | 3 59 29 20 11 74 Regions Visited 5 Branch Regions 2 Pre-discovered Areas 2 | . 1 . 1 . . Known Exits Taken 1 | . . . . 1 . Unknown Exits Taken 4 | 1 1 1 1 . . Scrap Searched . | . . . . . . Spaces Dug . | . . . . . . Terrain Destroyed 48 | . . . . . 48 Melee . | . . . . . . Projectile . | . . . . . . AOE 48 | . . . . . 48 Terrain Rammed . | . . . . . . Walls Destroyed . | . . . . . . Machines Disabled . | . . . . . . Actions | -11 -10 -9 -9 -8 -8 --------- Run | Yrd Mat Mat Min Mat Sto Total 1694 | 61 306 466 88 144 629 Wait 134 | . 8 46 . 21 59 Move 1310 | 48 236 371 85 95 475 Hop . | . . . . . . Pick Up 43 | 5 11 14 1 2 10 Fast Attach 15 | 6 1 3 . 1 4 Attach 18 | . 1 5 . 2 10 Detach 4 | . . 1 . 1 2 Swap 8 | . 1 1 . 2 4 Drop 23 | . 1 10 2 1 9 Fire 129 | 2 46 14 . 19 48 Melee 6 | . . . . . 6 Ram 3 | . . 1 . . 2 Kick 1 | . 1 . . . . Crush . | . . . . . . Escape Stasis . | . . . . . . Rewire . | . . . . . . Trap . | . . . . . . Miscellaneous . | . . . . . . Route ------- -11/Scrapyard -10/Materials (discovered 2 exits: *Mat / [*Min]) -9/Materials -9/Mines (discovered 2 exits: *Mat / [*Zio]) -8/Materials -8/Storage History --------- Turn | Location | Event 14 | -11/Scrapyard | Discovered new exit (range 16) 74 | -11/Scrapyard | Entered Materials 248 | -10/Materials | Discovered new exit (range 12) 306 | -10/Materials | Build established: Mutant 318 | -10/Materials | Core integrity fell below 50% 492 | -10/Materials | Discovered new exit (range 3) 586 | -10/Materials | Entered another Materials area 586 | -9/Materials | Evolved 2 slots: Propulsion x1, Utility x1 1048 | -9/Materials | Discovered new exit (range 15) 1109 | -9/Materials | Entered Mines 1124 | -9/Mines | Learned location of Storage (-8) 1153 | -9/Mines | Found a Scrap Suit stashed away for nefarious purposes 1156 | -9/Mines | Found Unknown Device 1174 | -9/Mines | A Derelict revealed a hidden shortcut to a safe place 1181 | -9/Mines | Discovered new exit (range 8) 1213 | -9/Mines | Entered Materials 1213 | -8/Materials | Evolved 2 slots: Propulsion x1, Utility x1 1214 | -8/Materials | Identified exit to Storage 1416 | -8/Materials | Entered Storage 1542 | -8/Storage | Assisted by bots powering up and referring to "LRC-V3" 1741 | -8/Storage | Lost 4 allies 1836 | -8/Storage | Build established: Commander-Mutant 1906 | -8/Storage | Lost 3 allies 1975 | -8/Storage | Lost 3 allies 2147 | -8/Storage | Met a pair of Derelict thieves 2213 | -8/Storage | Build established: Mutant 2216 | -8/Storage | First assault squad dispatched 2218 | -8/Storage | Core integrity fell below 50% 2229 | -8/Storage | Identified Scrap Suit 2248 | -8/Storage | Core integrity fell below 20% 2252 | -8/Storage | Destroyed self with Rocket Launcher Last Messages --------------- 02220_ Acquired Prototype Flight Unit. 02220_ Identified Imp. VTOL Module. 02229_ Identified Scrap Suit. 02230_ Y-45 Defender destroyed. 02235_ Carbon-fiber Leg destroyed. 02237_ Imp. Heat Sink destroyed. 02237_ Deuterium Engine destroyed. 02239_ L-31 Rogue destroyed. 02240_ Scythe severed. 02242_ I-25 Savior destroyed. 02242_ L-31 Rogue destroyed. 02244_ Com. Wheel destroyed. 02244_ Destroyed Com. Wheel. 02244_ Door Terminal disabled. 02246_ G-47 Trooper destroyed. 02246_ G-50 Soldier destroyed. 02246_ Airjet destroyed. 02246_ Destroyed Airjet. 02246_ I-25 Savior destroyed. 02250_ G-50 Soldier destroyed. Map ----- +----------------------------------------------------+ | # ! #%%%######+#########?????#!= #"" | | # | ! #[!=#????# #?????????????# ! !!/% | | # # %######%###############% %= [%# | | + # % %% % =%% ! * =%! % ### | | ########?# ############## ########+##/##+# | | ?????""" # #????????????# #??# # | | ?????"Y" + #?????######## #??# # | | ?????????# ####### # #??# == #%! | | ?????????# / # #??# == +[ ## | | ?????#+#?# #[ # #??# " " # #? | | ????## ### #%"T" # #??# "R" #== #? | | ##### ## #*""" # #?# """ #!%*#? | | [ ## / # #?##############!!!#? | | ##### ## ###### #### ###/####???????????# =%#? | | ????## ###+####?#####???## T #???????????# %#? | | ?????# #*= % #??????????# #???######??# " #? | | #????# + #??????????#""" #???#* * ####"%"## | | #????### ! #??????????#""" #???# **=#T " ## | | #??????# #??????????#""" ##??# * "! "%" | | #??????# #??????????# #??#* [! [[ " | | #??????# #??????????#########??# *% " %=% | | ???????########?????????????????????#** # !# ## | | ????????????????????????????????????###### | | ????????????????????????###########????### # | | ????????????????????????# ## ###### # | | ????????????????????????#@ ## | | ????????????????????????#lb## | | ???????????????????????## ## | | ???????????????????????# gY " ###### # | | ???????????????????????# / !#######????#### # ## | | ???????????????????????? ## #??????????????## #### | | ????????????????????????#??##????????????????##??? | | ?????????????????????????????????????????????????? | | | | | | | | | | | | | | | | | | | | | | | | | | | | | | | | | | | +----------------------------------------------------+ Best States ------------- Heat Dissipation 45 Energy Generation 14 Energy Capacity 275 Matter Stores 400 Matter Capacity 400 Sight Range 16 Terrain Scan Density 10 Armor Coverage 225 Propulsion Shielding 33 Evasion (%) 55 Item Schematics ----------------- None Robot Schematics ------------------ None Fabricated ------------ Nothing Repaired ---------- Nothing Studied --------- None Alien Tech Used ----------------- None Achievements -------------- None Challenges ------------ None Game ------ Seed PointyThrowingMiniperforator Manual? 0 Play Time 00:26:07 Cumulative 50.9 hours Start 2026.02.07 @ 22:37:44 End 2026.02.07 @ 23:05:30 Sessions 1 Manual Loads 0 Difficulty Rogue Special Mode None Game No. 61 Rogue 61 Adventurer 0 Explorer 0 Win Type - Total 2 Types 2/0/0/0/0/0/0/0/0/0 Lore% 38 Gallery% 42 Achievement% 32 Wizard Run 0 Options --------- Layout 0 ASCII 0 Keyboard 1 Movement Numpad Keybinds 0 Fullscreen 1 Font 24/Smallcaps Map View 76x50 Zoom Use 0% Tactical HUD 1 Map Filters NONE Filters NONE Steam 1 RUN: fb34f395-ea3d-4012-9486-2c75a30d7b0f